 Dungeon Crawl Stone Soup version 0.25-a0-443-gece2dee8bd (webtiles) character file.

Game seed: 2365136938963988505, levelgen mode: deterministic

22 Laiders72 the Shield-Bearer (level 2, -1/27 HPs)
             Began as a Deep Dwarf Fighter on Jan 30, 2020.
             Slain by a centaur (4 damage)
             ... on level 2 of the Dungeon.
             The game lasted 00:02:31 (469 turns).

Laiders72 the Shield-Bearer (Deep Dwarf Fighter)     Turns: 469, Time: 00:02:31

Health: -1/27      AC:  6    Str: 19    XL:     2   Next: 68%
Magic:  2/2        EV:  7    Int:  8    God:
Gold:   31         SH:  9    Dex: 12    Spells: 1/1 levels left

rFire    . . .     SeeInvis .   a - +0 war axe
rCold    . . .     Gourm    .   c - +0 shield
rNeg     . . .     Faith    .   b - +0 scale mail
rPois    .         Spirit   .   (no helmet)
rElec    .         Reflect  .   (no cloak)
rCorr    .         Harm     .   (no gloves)
MR       .....                  (no boots)
Stlth    ..........             (no amulet)
HPRegen  0.00/turn              (no ring)
MPRegen  0.08/turn              (no ring)

@: non-regenerating, hasted (expiring), very quick
A: damage resistance, heal wounds, sense surroundings 1, no regeneration
a: Heal Wounds


You were on level 2 of the Dungeon.
You were not hungry.

You visited 1 branch of the dungeon, and saw 2 of its levels.

You collected 31 gold pieces.

Inventory:

Hand Weapons
 a - a +0 war axe (weapon)
Armour
 b - a +0 scale mail (worn)
 c - a +0 shield (worn)
Scrolls
 e - 2 scrolls of teleportation
 h - 2 scrolls of identify
 i - a scroll of noise {unknown}
Potions
 d - a potion of might
Comestibles
 f - 4 rations


   Skills:
 + Level 2.9 Fighting
 * Level 3.0 Axes
 - Level 3.2 Armour
 + Level 3.6 Shields


You had one spell level left.
You didn't know any spells.
Your spell library was empty.

Dungeon Overview and Level Annotations

Branches:
Dungeon (2/15)

Altars:


Innate Abilities, Weirdness & Mutations

You are resistant to damage.
You can heal yourself by infusing magical energy.
You passively map a small area around you.
You do not regenerate.


Message History

Your shield prevents you from hitting the centaur.
The centaur is almost dead.
You block the centaur's attack.
The centaur hits you but does no damage.
Your shield prevents you from hitting the centaur.
The centaur is almost dead.
The centaur hits you!
* * * LOW HITPOINT WARNING * * *
You hit the centaur but do no damage.
The centaur is almost dead.
You block the centaur's attack. x2
You hit the centaur but do no damage.
The centaur is almost dead.
The centaur hits you.
You completely miss the centaur.
The centaur is almost dead.
Your extra speed is starting to run out.
The centaur hits you but does no damage.
The centaur hits you.
You die...

, + , ........#*
* #.......# * , ,
*,* #.......# , ,
* * #.......# , ,
, ,,> #.......# ,
* #.......# #.. *
### #.......#
#.#, +
.....##((.((@c#
#.#, *
,,.......(.######
#.# , ......##.#
#.# , ...... #.#
#.# ** * * .....
#.# #.#*, ,.....
*#.############<#
, ,....,,
#..............#
* , ....,
################
* , ,,


You could see a centaur.

Vanquished Creatures
  A leopard gecko (D:1)
  A giant cockroach (D:1)
  2 goblins (D:1)
  3 hobgoblins (D:1)
  4 jackals (D:1)
  A kobold (D:1)
  4 bats (D:1)
  A frilled lizard (D:1)
  2 rats (D:1)
19 creatures vanquished.

Notes
Turn   | Place    | Note
-------+----------+-------------------------------------------
     0 | D:1      | Laiders72 the Deep Dwarf Fighter began the quest for the
                  | Orb.
     0 | D:1      | Reached XP level 1. HP: 20/20 MP: 1/1
    85 | D:1      | Reached XP level 2. HP: 27/27 MP: 2/2
   455 | D:2      | Noticed a centaur
   469 | D:2      | Slain by a centaur

Levels and vault maps discovered:
D:1:      lordsloth_arrival_two_stooges, layout_rooms, feat_on_display
D:2:      layout_basic, minmay_tripent

Skill      XL: |  1  2 |
---------------+-------+-----
Axes           | 3 |  3.0
Fighting       | |  2.9
Armour         | |  3.2
Shields        | |  3.6

Action                   || total
-------------------------++-------
Melee: War axe           ||    64
  Use: Scroll            ||     1
       Potion            ||     1
Armor: Scale mail        ||    42
Dodge: Dodged            ||    28
Block: Shield            ||    63

Table legend:
 A = Non-vault XP
 B = Vault XP
 C = Vault XP percentage of total XP
 D = Non-vault monster count
 E = Vault monster count
 F = Vault count percentage of total count
                 A         B        C        D         E       F
            +---------+---------+-------+---------+---------+-------
      Total |      32 |       0 |   0.0 |      19 |       0 |   0.0
            +---------+---------+-------+---------+---------+-------
        D:1 |      32 |       0 |   0.0 |      19 |       0 |   0.0
            +---------+---------+-------+---------+---------+-------
